 Dungeon Crawl Stone Soup version 0.23.2-40-g277498a001 (webtiles) character file.

Game seed: 4815556792506560295

241 FishyPogo the Shield-Bearer (level 5, -2/47 HPs)
             Began as a Minotaur Fighter on Aug 23, 2019.
             Killed from afar by an orc wizard (8 damage)
             ... with a puff of frost
             ... on level 4 of the Dungeon.
             The game lasted 00:08:13 (2464 turns).

FishyPogo the Shield-Bearer (Minotaur Fighter)      Turns: 2464, Time: 00:08:14

Health: -2/47      AC: 10    Str: 22    XL:     5   Next: 80%
Magic:  13/13      EV: 10    Int:  5    God:
Gold:   201        SH:  0    Dex:  9    Spells: 4/4 levels left

rFire    . . .     SeeInvis .   a - +0 flail
rCold    . . .     Gourm    .   (no shield)
rNeg     . . .     Faith    .   b - +0 scale mail
rPois    .         Spirit   .   (helmet restricted)
rElec    .         Reflect  .   (no cloak)
rCorr    .         Harm     .   p - +2 pair of gloves
MR       .....                  (no boots)
Stlth    ..........             (no amulet)
HPRegen  0.15/turn              g - ring of magical power
MPRegen  0.13/turn              w - ring of wizardry

@: no status effects
A: retaliatory headbutt, horns 2
a: no special abilities


You were on level 4 of the Dungeon.
You were not hungry.

You visited 1 branch of the dungeon, and saw 4 of its levels.

You collected 201 gold pieces.

Inventory:

Hand Weapons
 a - a +0 flail (weapon)
Missiles
 m - 6 javelins
 n - 86 stones (quivered)
Armour
 b - a +0 scale mail (worn)
 c - a +0 shield
 p - a +2 pair of gloves (worn)
Jewellery
 g - a ring of magical power (left hand)
 u - an uncursed ring of stealth
 v - an uncursed ring of flight
 w - a ring of wizardry (right hand)
Wands
 t - a wand of acid (8)
Scrolls
 i - a scroll of identify {unknown}
 k - 2 scrolls of remove curse {unknown}
 l - a scroll of noise {unknown}
 q - a scroll of teleportation {unknown}
 s - a scroll of magic mapping {unknown}
Potions
 d - 2 potions of might
 e - a potion of curing {unknown}
 h - 2 potions of flight {unknown}
 o - a potion of degeneration {unknown}
 r - a potion of mutation {unknown}
 x - a potion of magic {unknown}
Comestibles
 f - 9 rations


   Skills:
 + Level 4.7 Fighting
 + Level 3.5 Maces & Flails
 + Level 4.8 Armour
 + Level 2.2 Dodging
 * Level 5.2 Shields


You had 4 spell levels left.
You didn't know any spells.
Your spell library was empty.

Dungeon Overview and Level Annotations

Branches:
Dungeon (4/15)
 Temple: D:4-7

Altars:
Ru
Sif Muna
Wu Jian

Annotations:
D:4 Grinder


Innate Abilities, Weirdness & Mutations

You reflexively headbutt those who attack you in melee.
You have a pair of horns on your head.


Message History

The orc wizard hits you but does no damage.
Grinder gestures at you. Pain shoots through your body!
* * * LOW HITPOINT WARNING * * *
The orc wizard barely misses you. The orc hits you with a +0 club.
* * * LOW HITPOINT WARNING * * *
You can move again.
You closely miss the orc wizard. Your headbutt misses the orc wizard.
The orc wizard is heavily wounded.
The orc wizard closely misses you. The orc hits you but does no damage.
Unknown command.
You closely miss the orc wizard.
The orc wizard is heavily wounded.
The orc wizard closely misses you. The orc hits you but does no damage.
Unknown command.
You hit the orc wizard.
The orc wizard is severely wounded.
The orc wizard gestures at you while chanting.
The puff of frost hits you!
You die...

......###.......####........
................## ###..##..
........###......# ##..#..
.....>...##......## ##....
......#......#......# ###..
......#..##....#......####.#
##.......)...5..##.##.......
##.#.....oo................
#.##.....@.##.....#####... #
####..#......# #....
#..###.##.) ....... #..# .#
.. ######. #... # #. #..##
#. #.## #. #[# ## #.


You could see Grinder, an orc wizard and an orc.

Vanquished Creatures
  2 orc priests
  A bullfrog skeleton (D:4)
  Jessica (D:2)
  4 adders
  An adder skeleton (D:4)
  2 worms (D:2)
  3 dart slugs
  2 leopard geckos (D:1)
  2 orcs (D:3)
  3 ball pythons (D:2)
  14 bats
  8 giant cockroaches
  11 goblins
  4 hobgoblins
  6 jackals
  A quokka (D:2)
  3 frilled lizards
  3 kobolds
  7 rats
78 creatures vanquished.

Notes
Turn   | Place    | Note
-------+----------+-------------------------------------------
     0 | D:1      | FishyPogo the Minotaur Fighter began the quest for the Orb.
     0 | D:1      | Reached XP level 1. HP: 19/19 MP: 0/0
   206 | D:1      | Reached XP level 2. HP: 27/27 MP: 1/1
   231 | D:1      | Reached skill level 4 in Shields
   759 | D:2      | Reached XP level 3. HP: 33/33 MP: 2/2
   796 | D:2      | Noticed Jessica
   803 | D:2      | Killed Jessica
   803 | D:2      | Reached skill level 1 in Dodging
   896 | D:2      | Reached XP level 4. HP: 39/40 MP: 3/3
  1039 | D:2      | You fall through a shaft!
  1136 | D:3      | Found a sacrificial altar of Ru.
  1535 | D:3      | Reached XP level 5. HP: 47/47 MP: 4/4
  1579 | D:3      | Found an ornate altar of the Wu Jian Council.
  1602 | D:4      | Noticed Grinder
  1694 | D:3      | Found a deep blue altar of Sif Muna.
  1886 | D:2      | Reached skill level 5 in Shields
  2456 | D:4      | Paralysed by Grinder for 6 turns
  2464 | D:4      | Killed from afar by an orc wizard

Skill      XL: |  1  2  3  4  5 |
---------------+----------------+-----
Shields        | 4 5 |  5.2
Fighting       | 4 |  4.7
Armour         | 4 |  4.8
Dodging        | 1 2 |  2.2
Maces & Flails | 3 |  3.5

Action                   |  1- 3 |  4- 6 || total
-------------------------+-------+-------++-------
Melee: Flail             |    61 |   125 ||   186
       Headbutt          |    10 |    15 ||    25
Throw: Stone             |       |     2 ||     2
  Eat: Chunk             |       |     5 ||     5
Armor: Scale mail        |    35 |    87 ||   122
Dodge: Dodged            |    20 |    87 ||   107
Block: Shield            |    17 |       ||    17
